[Event "Team 45 45 League T38"]
[Site "Internet Chess Club"]
[Date "2008.08.17"]
[Round "4"]
[White "Berkshires"]
[Black "SoaringEagle"]
[Result "1-0"]
[WhiteElo "1436"]
[BlackElo "1406"]
[Opening "Scandinavian (center counter) defense"]
[ECO "B01"]
[Time "16:30:43"]
[TimeControl "2700+45"]

1. e4 d5 2. exd5 Qxd5 3. Nc3 Qa5 4. Nf3 Nf6 5. d3 c6 6. Bd2 Qc7 7. Be2 Bf5 8.
Bg5 Nbd7 9. Qd2 h6 10. Bh4 e6 11. Bg3 Qa5 12. a3 Nd5 13. Nxd5 Qxd2+ 14. Nxd2
cxd5 15. Nb3 Rc8 16. Nd4 Bg6 17. c3 a6 18. Nf3 Be7 19. O-O O-O 20. d4 Bc2 21.
Bd1 Bxd1 22. Rfxd1 Rfd8 23. Kf1 Nb6 24. Ne5 Nd7 25. Nf3 Nb6 26. Ne5 Nd7 27. Nxd7
Rxd7 28. Re1 Bd6 29. Bxd6 Rxd6 30. h4 Kf8 31. g4 Re8 32. Re2 Rb6 33. Rae1 a5 34.
f4 g6 35. Kf2 f5 36. gxf5 gxf5 37. Rg1 Kf7 38. h5 Rg8 39. Rxg8 Kxg8 40. Ke3 a4
41. Kd3 Kf7 42. Kc2 Rb3 43. Rf2 Rb6 44. Re2 Rb3 45. Rg2 Rb6 46. Rg6 Ra6 47. Rxh6
Ra8 48. Rg6 Rh8 49. Rg5 Rg8 50. Kd3 Rxg5 51. fxg5 b6 52. c4 dxc4+ 53. Kxc4 f4
54. Kd3 {Black resigns} 1-0

[Event "Team 45 45 League T38"]
[Site "Internet Chess Club"]
[Date "2008.08.17"]
[Round "4"]
[White "musk6868"]
[Black "beerss"]
[Result "1-0"]
[WhiteElo "1535"]
[BlackElo "1411"]
[Opening "Robatsch defense: two knights variation"]
[ECO "B06"]
[Time "13:51:53"]
[TimeControl "2700+45"]

1. e4 g6 2. d4 Bg7 3. Nf3 d6 4. Nc3 a6 5. Be3 h6 6. Bc4 e6 7. O-O Ne7 8. Qd2 g5
9. Ne1 b5 10. Bb3 Ng6 11. Rd1 O-O 12. f4 g4 13. f5 exf5 14. Bxh6 g3 15. hxg3 Kh7
16. Bxg7 Kxg7 17. exf5 Nh4 18. f6+ Kg8 19. Qh6 Qxf6 20. Rxf6 Ng6 21. Rxg6#
{Black checkmated} 1-0

[Event "Team 45 45 League T38"]
[Site "Internet Chess Club"]
[Date "2008.08.15"]
[Round "4"]
[White "Ser-Enigma"]
[Black "Campagnolo"]
[Result "1/2-1/2"]
[WhiteElo "2115"]
[BlackElo "2019"]
[Opening "English: symmetrical variation"]
[ECO "A30"]
[Time "15:13:15"]
[TimeControl "2700+45"]

1. c4 c5 2. Nf3 Nc6 3. g3 Nf6 4. Bg2 d5 5. cxd5 Nxd5 6. d3 e5 7. O-O Be7 8. a3
O-O 9. Nc3 Nc7 10. Be3 Bg4 11. h3 Be6 12. Rc1 Rc8 13. Ne4 b6 14. b4 Qd5 15. bxc5
bxc5 16. Nxc5 Qd6 17. Qa4 Bd5 18. Rfd1 f5 19. d4 e4 20. Bf4 Qd8 21. Ne5 Nxe5 22.
Bxe5 Bd6 23. Nd7 Rf7 24. Bxd6 Rxd7 25. Bc5 Ne6 26. e3 Rdc7 27. Bf1 Ng5 28. h4
Nf3+ 29. Kg2 g5 30. hxg5 Qxg5 31. Bc4 Bxc4 32. Qxc4+ Kg7 33. d5 Rxc5 34. Qxc5
Rxc5 35. Rxc5 Qg4 36. Rc7+ Kf6 37. Rdc1 Ne5 38. Rxh7 Qf3+ 39. Kg1 Ng4 40. Rf1
Ke5 41. Rxa7 Kxd5 42. Rc7 Kd6 43. Rc2 Ne5 44. Rb1 Qh5 45. Rb6+ Kd5 46. Rb5+ Ke6
47. Rb6+ Kd5 48. Rb5+ {Game drawn by mutual agreement} 1/2-1/2

[Event "Team 45 45 League T38"]
[Site "Internet Chess Club"]
[Date "2008.08.15"]
[Round "4"]
[White "nosalt"]
[Black "JoshRom"]
[Result "0-1"]
[WhiteElo "1996"]
[BlackElo "2037"]
[Opening "Sicilian: dragon, Yugoslav attack"]
[ECO "B75"]
[Time "14:06:57"]
[TimeControl "2700+45"]

1. e4 c5 2. Nf3 d6 3. d4 cxd4 4. Nxd4 Nf6 5. Nc3 g6 6. Be3 Bg7 7. f3 Nc6 8. Qd2
Bd7 9. O-O-O O-O 10. Kb1 Ne5 11. Bh6 Bxh6 12. Qxh6 b5 13. Ndxb5 Rb8 14. Nd4 a5
15. a4 Qb6 16. Ndb5 Rfc8 17. Qd2 Be6 18. Qd4 Rc5 19. Be2 h5 20. h3 h4 21. f4 Nc6
22. Qd2 Rxc3 23. Qxc3 Nxe4 24. Qe1 Ng3 25. Rf1 Qe3 26. Bf3 Nxf1 27. Bxc6 Bc4 28.
Qxe3 Nxe3 29. Re1 Bxb5 30. axb5 Nf5 31. Ka2 e6 32. Ka3 Nd4 33. Ka4 Nxc6 34. bxc6
Rxb2 35. Kxa5 Kf8 36. Re2 Ke8 37. Rd2 d5 38. Rd3 Kd8 39. c4 Kc7 40. cxd5 exd5
41. Rxd5 Kxc6 42. Rg5 Rb3 43. Rg4 Rg3 44. Rxh4 Rxg2 45. Rh7 f5 46. Kb4 Kd5 47.
Kc3 Ke4 48. Rh4 Ke3 49. Kc4 Kf3 50. Kd3 Kg3 51. Rh6 Kxf4 52. h4 Kf3 53. Rh8 Kg4
54. Rh6 Kf4 55. Rh8 Rg4 56. Ke2 Kg3 57. Rh6 f4 58. h5 f3+ 59. Kf1 g5 60. Rg6 Kf4
61. h6 Rh4 62. Kf2 g4 63. Ra6 g3+ 64. Kg1 f2+ 65. Kg2 Rh2+ {White resigns} 0-1

[Event "Team 45 45 League T38"]
[Site "Internet Chess Club"]
[Date "2008.08.13"]
[Round "4"]
[White "mcplayerus"]
[Black "dnmuscg"]
[Result "0-1"]
[WhiteElo "2042"]
[BlackElo "1941"]
[Opening "Queen's Indian: Riumin variation"]
[ECO "E16"]
[Time "14:00:10"]
[TimeControl "2700+45"]

1. d4 Nf6 2. c4 e6 3. Nf3 b6 4. g3 Bb7 5. Bg2 Bb4+ 6. Bd2 Be7 7. O-O d6 8. Nc3
O-O 9. Re1 Nbd7 10. e4 e5 11. Be3 Nxe4 12. Qc2 Nxc3 13. bxc3 f5 14. d5 g5 15.
Kh1 f4 16. gxf4 gxf4 17. Bc1 Nc5 18. Bh3 Bc8 19. Bxc8 Qxc8 20. Ba3 Qh3 21. Qe2
Nd7 22. Ng1 Qf5 23. Nf3 Kh8 24. Rg1 Rg8 25. Nd4 exd4 26. Qxe7 Rae8 27. Rxg8+
Rxg8 28. Qh4 Qe4+ {White resigns} 0-1

[Event "Team 45 45 League T38"]
[Site "Internet Chess Club"]
[Date "2008.08.19"]
[Round "4"]
[White "Nosferatu1"]
[Black "charles-allen"]
[Result "1/2-1/2"]
[WhiteElo "1910"]
[BlackElo "1872"]
[Opening "QGD Slav defense: exchange variation"]
[ECO "D13"]
[Time "17:06:25"]
[TimeControl "2700+45"]

1. d4 d5 2. c4 c6 3. cxd5 cxd5 4. Nc3 Nf6 5. Nf3 Nc6 6. Bf4 a6 7. e3 Bg4 8. h3
Bh5 9. Be2 e6 10. a3 Be7 11. Ne5 Bxe2 12. Qxe2 O-O 13. Nxc6 bxc6 14. O-O c5 15.
dxc5 Bxc5 16. Rfd1 Bd6 17. Qf3 Rc8 18. Rac1 Qd7 19. e4 Bxf4 20. Qxf4 Qb7 21. e5
Nd7 22. Rd2 Qb8 23. Re2 Rc4 24. Qg3 Rfc8 25. Rce1 Nf8 26. f4 Qb7 27. Qf3 Ng6 28.
g3 Ne7 29. Qd3 {Game drawn by mutual agreement} 1/2-1/2

[Event "Team 45 45 League T38"]
[Site "Internet Chess Club"]
[Date "2008.08.18"]
[Round "4"]
[White "kinghunter08"]
[Black "cappelo-upgrate"]
[Result "0-1"]
[WhiteElo "2147"]
[BlackElo "2246"]
[Opening "Queen's pawn, Mason variation"]
[ECO "D00"]
[Time "17:00:08"]
[TimeControl "2700+45"]

1. d4 d5 2. Bf4 e6 3. e3 c5 4. c3 Nc6 5. Nf3 Nf6 6. Bd3 Be7 7. h3 O-O 8. Nbd2 b6
9. O-O Bb7 10. Rc1 c4 11. Bb1 b5 12. Qc2 b4 13. Bg5 g6 14. e4 dxe4 15. Bxf6 exf3
16. Bxe7 Nxe7 17. Nxf3 Bxf3 18. gxf3 Nd5 19. Qd2 Qh4 20. Kg2 Nf4+ 21. Kh2 Qxh3+
{White resigns} 0-1

[Event "Team 45 45 League T38"]
[Site "Internet Chess Club"]
[Date "2008.08.16"]
[Round "4"]
[White "girl-brain"]
[Black "DFME"]
[Result "0-1"]
[WhiteElo "1937"]
[BlackElo "1727"]
[Opening "English opening"]
[ECO "A20"]
[Time "17:39:36"]
[TimeControl "2700+45"]

1. c4 e5 2. g3 Nc6 3. Bg2 Nf6 4. Nc3 Bc5 5. a3 O-O 6. e3 d6 7. Nge2 Re8 8. Na4
a5 9. O-O Bg4 10. f3 Bf5 11. Nxc5 dxc5 12. e4 Be6 13. b3 Qd7 14. Bb2 Rad8 15.
Bc3 b6 16. f4 Bg4 17. h3 Bxh3 18. f5 Bxg2 19. Kxg2 Nxe4 20. Qc2 Qd3 21. Qxd3
Rxd3 22. Rad1 Red8 23. Rf3 Nxc3 24. Nxc3 Rxd2+ 25. Rxd2 Rxd2+ 26. Kh3 Nd4 27.
Re3 f6 28. Nd5 Nxf5 29. Rc3 e4 30. Nxc7 e3 31. Nd5 e2 {White resigns} 0-1

[Event "Team 45 45 League T38"]
[Site "Internet Chess Club"]
[Date "2008.08.14"]
[Round "4"]
[White "Ehab"]
[Black "proudchess"]
[Result "0-1"]
[WhiteElo "1774"]
[BlackElo "1890"]
[Opening "Sicilian defense"]
[ECO "B41"]
[Time "15:00:23"]
[TimeControl "2700+45"]

1. e4 c5 2. Nf3 e6 3. d4 cxd4 4. Nxd4 Qb6 5. Nc3 Bc5 6. Na4 Qa5+ 7. c3 Bxd4 8.
Qxd4 Nf6 9. Qc5 Qxc5 10. Nxc5 Nc6 11. Bb5 b6 12. Bxc6 dxc6 13. e5 Ng4 14. Nd3
Ba6 15. h3 Bxd3 16. hxg4 O-O-O 17. Bg5 Rd5 18. f4 h6 19. Be7 Kd7 20. Bd6 f6 21.
O-O-O c5 22. Rd2 Kc6 23. g5 Be4 24. Rh2 h5 25. Rxd5 Bxd5 26. a3 fxg5 27. fxg5 g6
28. Kd2 Rh7 29. g4 h4 30. Kd3 h3 31. b4 Bg2 32. a4 Rh4 33. Bb8 Rxg4 34. Bxa7 Kb7
35. bxc5 Kxa7 36. cxb6+ Kxb6 37. c4 Rxg5 38. Kd4 Rg4+ {White resigns} 0-1

[Event "Team 45 45 League T38"]
[Site "Internet Chess Club"]
[Date "2008.08.20"]
[Round "4"]
[White "alo"]
[Black "Ernie1"]
[Result "1-0"]
[WhiteElo "1862"]
[BlackElo "1600"]
[Opening "Réti opening"]
[ECO "A04"]
[Time "18:25:53"]
[TimeControl "2700+45"]

1. Nf3 c6 2. g3 d5 3. Bg2 Nf6 4. d3 Bf5 5. Nbd2 Nbd7 6. O-O e6 7. Re1 Bd6 8. e4
dxe4 9. dxe4 Bg4 10. h3 Bxf3 11. Nxf3 Qc7 12. Qe2 e5 13. a3 a5 14. b3 O-O 15.
Bb2 Nc5 16. Nh2 b5 17. g4 h6 18. h4 Ne6 19. Bc1 Nd4 20. Qd2 b4 21. g5 hxg5 22.
hxg5 Nh5 23. Qd3 c5 24. Qc4 g6 25. Ng4 Kg7 26. Be3 f5 27. exf5 gxf5 28. Bxd4
exd4 29. Qe6 Nf6 30. gxf6+ Kh8 31. Qxf5 Rf7 32. Bxa8 {Black resigns} 1-0

[Event "Team 45 45 League T38"]
[Site "Internet Chess Club"]
[Date "2008.08.17"]
[Round "4"]
[White "Invicta-Knight"]
[Black "AlPearson"]
[Result "0-1"]
[WhiteElo "1529"]
[BlackElo "1477"]
[Opening "Alekhine's defense: exchange variation"]
[ECO "B02"]
[Time "09:02:37"]
[TimeControl "2700+45"]

1. e4 Nf6 2. e5 Nd5 3. c4 Nb6 4. d4 d6 5. exd6 cxd6 6. Bd3 Nc6 7. Ne2 Bg4 8.
Nbc3 e6 9. f3 Bh5 10. h4 Be7 11. Bg5 Bxg5 12. hxg5 Qxg5 13. Ne4 Qa5+ 14. Qd2
Qxd2+ 15. Nxd2 Bg6 16. Bxg6 fxg6 17. c5 dxc5 18. dxc5 Na4 19. b4 Nxb4 20. Rb1
Nd3+ 21. Kf1 Naxc5 22. Nd4 Ke7 23. Ne4 h6 24. Rb5 Rac8 25. g3 a6 26. Rb6 e5 27.
Nb3 Nxe4 28. Rxb7+ Rc7 29. Rxc7+ Kd6 30. Rc2 Nxg3+ 31. Kg2 Nxh1 32. Rd2 Nf2 33.
Nc1 Rb8 34. Nxd3 Nxd3 35. Rxd3+ Ke6 36. Rd2 Rb1 37. Kf2 Ra1 38. Rb2 Kf5 39. Kg3
g5 40. Rb7 g6 41. Rb2 a5 42. Kf2 a4 43. Ke3 a3 44. Rh2 h5 45. Kd3 Rb1 46. Kc3
Rb2 {White resigns} 0-1

[Event "Team 45 45 League T38"]
[Site "Internet Chess Club"]
[Date "2008.08.16"]
[Round "4"]
[White "Zyme"]
[Black "houseofcook"]
[Result "1-0"]
[WhiteElo "1434"]
[BlackElo "1444"]
[Opening "QGD: Neo-orthodox variation, 7.Bh4"]
[ECO "D56"]
[Time "09:00:22"]
[TimeControl "2700+45"]

1. d4 Nf6 2. c4 e6 3. Nc3 d5 4. Bg5 Be7 5. Nf3 O-O 6. e3 h6 7. Bh4 Nbd7 8. Qc2
b6 9. Rc1 c5 10. dxc5 bxc5 11. cxd5 exd5 12. Be2 Bb7 13. O-O Rc8 14. Rfd1 a6 15.
Qb3 Rb8 16. Qa3 c4 17. Qa4 Qb6 18. Rb1 Bc6 19. Qc2 Rfe8 20. b3 Qa5 21. Nd4 Ba8
22. bxc4 dxc4 23. Bxc4 Ne5 24. Rxb8 Rxb8 25. Bb3 Ng6 26. Bg3 Rc8 27. Qxg6 Rf8
28. Qd3 Kh8 29. Bc4 Nh5 30. Bxa6 Nxg3 31. hxg3 Qg5 32. Ne4 Qa5 33. Bc4 f5 34.
Nc3 Rd8 35. Qc2 Qe5 36. Qxf5 Qxf5 37. Nxf5 Rxd1+ 38. Nxd1 Bf6 39. f3 Bc6 40. Kf2
Ba4 41. Bb3 Bd7 42. e4 g6 43. Nxh6 Kg7 44. Ng4 Bd4+ 45. Nde3 g5 46. Ke2 Bb5+ 47.
Bc4 Ba4 48. Nf5+ {Black resigns} 1-0

[Event "Team 45 45 League T38"]
[Site "Internet Chess Club"]
[Date "2008.08.16"]
[Round "4"]
[White "rkaebi"]
[Black "SCUGrad"]
[Result "0-1"]
[WhiteElo "1409"]
[BlackElo "1427"]
[Opening "Ruy Lopez: Anderssen variation"]
[ECO "C77"]
[Time "07:00:08"]
[TimeControl "2700+45"]

1. e4 e5 2. Nf3 Nc6 3. Bb5 a6 4. Ba4 Nf6 5. d3 b5 6. Bb3 d6 7. c3 Na5 8. Bc2 c5
9. O-O Bg4 10. d4 cxd4 11. cxd4 Qc7 12. Nc3 Be7 13. Bg5 O-O 14. Bxf6 Bxf6 15.
Nd5 Qd8 16. Qd2 Nc4 17. Qb4 Bxf3 18. gxf3 exd4 19. b3 Ne5 20. Bd1 Nc6 21. Qd2
Bg5 22. f4 Bh6 23. Bc2 Ne5 24. Kh1 Ng6 25. Rg1 Qh4 26. Qxd4 Bxf4 27. Nxf4 Qxf4
28. Rg3 Rfd8 29. Rag1 d5 30. Rg4 Qf3+ 31. R1g2 dxe4 32. Qxe4 Qxe4 33. Bxe4 Rd1+
34. Rg1 Rad8 35. Rxd1 Rxd1+ 36. Rg1 Rxg1+ 37. Kxg1 b4 38. Kg2 Kf8 39. Kg3 Ke7
40. f4 h6 41. f5 Ne5 42. Kf4 f6 43. h4 Kd6 44. h5 Kc5 45. Ke3 a5 46. Bg2 Nd7 47.
Bf1 Nb6 48. Bd3 Nd5+ 49. Kd2 Nc3 50. a3 Kd4 51. axb4 axb4 52. Bc2 Ne4+ 53. Bxe4
Kxe4 54. Ke2 Kxf5 55. Kd3 Ke5 56. Kc4 f5 57. Kd3 f4 58. Ke2 Kf5 59. Kf3 Kg5 60.
Ke4 Kg4 61. Kd3 f3 62. Ke3 Kg3 63. Kd2 Kg2 64. Ke1 f2+ {White resigns} 0-1

[Event "Team 45 45 League T38"]
[Site "Internet Chess Club"]
[Date "2008.08.17"]
[Round "4"]
[White "rshea11"]
[Black "therookery"]
[Result "1-0"]
[WhiteElo "1328"]
[BlackElo "1205"]
[Opening "QGD: Marshall defense"]
[ECO "A50"]
[Time "20:52:55"]
[TimeControl "2700+45"]

1. d4 Nf6 2. c4 d5 3. e3 e6 4. Nf3 Bb4+ 5. Bd2 Bxd2+ 6. Nbxd2 Nc6 7. Be2 O-O 8.
O-O Re8 9. Rc1 b6 10. Qa4 Bb7 11. Rc2 a5 12. Rfc1 Qd7 13. a3 e5 14. Nb3 exd4 15.
Nbxd4 Nxd4 16. Qxd7 Nxd7 17. Nxd4 dxc4 18. Rxc4 c5 19. Nb5 Re5 20. Rd1 Bd5 21.
Rh4 Nf6 22. Nc7 Rc8 23. Nxd5 Nxd5 24. Bc4 Rd8 25. e4 g5 26. Rh6 Rxe4 27. Bd3 Nf4
28. f3 Rxd3 29. Rxd3 Re1+ 30. Kf2 Nxd3+ 31. Kg3 Kg7 32. Rxb6 h5 33. h4 gxh4+ 34.
Kxh4 Rh1+ 35. Kg5 f6+ 36. Rxf6 Ne5 37. Kf5 Nd7 38. Ra6 Re1 39. f4 h4 40. Ra7 Re7
41. Kg5 Kf7 42. Kxh4 Kf6 43. Rxa5 Rh7+ 44. Kg4 Rg7+ 45. Kf3 Ke6 46. g4 Rf7 47.
g5 Ne5+ 48. Ke4 Nd7 49. Ra6+ Ke7 50. a4 c4 51. Ra7 Kd6 52. Ra6+ Ke7 53. Rc6 Kd8
54. Rxc4 Re7+ 55. Kf5 Rf7+ 56. Kg4 Nb6 57. Rd4+ Nd7 58. a5 Kc8 59. g6 Rg7 60.
Kg5 {Black resigns} 1-0

[Event "Team 45 45 League T38"]
[Site "Internet Chess Club"]
[Date "2008.08.18"]
[Round "4"]
[White "t-hobbes"]
[Black "LAJ"]
[Result "0-1"]
[WhiteElo "1343"]
[BlackElo "1748"]
[Opening "QGD: Chigorin defense"]
[ECO "D07"]
[Time "19:00:08"]
[TimeControl "2700+45"]

1. d4 d5 2. c4 Nc6 3. Nf3 Bg4 4. Nc3 e6 5. Bg5 Be7 6. Bxe7 Ngxe7 7. e3 O-O 8.
Bd3 Ng6 9. Qc2 Nb4 10. Qe2 Nh4 11. O-O-O Nxg2 12. h3 Bh5 13. h4 Nxd3+ 14. Rxd3
Qf6 15. e4 Nf4 16. Qd1 Nxd3+ 17. Qxd3 Bxf3 18. Rg1 dxc4 19. Qe3 Rfd8 20. d5 a5
21. Rg3 Bh5 22. e5 Qxh4 23. Rh3 Qg4 24. Rg3 Qf5 25. Rg5 Qf3 26. Qe1 exd5 27. Qg1
Bg6 28. Rg3 Qf4+ 29. Kd1 d4 30. Ne2 Qxe5 31. Rg5 Qe4 32. f4 Qb1+ 33. Nc1 Qc2+
34. Ke1 Qxc1+ 35. Kf2 Qxg1+ {White resigns} 0-1

[Event "Team 45 45 League T38"]
[Site "Internet Chess Club"]
[Date "2008.08.16"]
[Round "4"]
[White "kingsrook"]
[Black "Fogbound"]
[Result "0-1"]
[WhiteElo "1194"]
[BlackElo "1311"]
[Opening "King's Indian: London system"]
[ECO "A48"]
[Time "09:00:12"]
[TimeControl "2700+45"]

1. d4 Nf6 2. Nf3 g6 3. Bf4 Bg7 4. h3 b6 5. e3 Bb7 6. c4 d5 7. Nc3 a6 8. Be2 O-O
9. O-O Nh5 10. Bh2 Re8 11. Qb3 e6 12. cxd5 exd5 13. Rfe1 Nf6 14. Be5 Ne4 15.
Bxg7 Kxg7 16. Rac1 Nf6 17. Bd3 Nc6 18. a3 Na5 19. Qb4 Nc6 20. Qb3 Na5 21. Qc2
Nc4 22. Ne2 b5 23. Qc3 Qe7 24. b3 Ne4 25. Qc2 Nxf2 26. Kxf2 Qxe3+ 27. Kf1 Qh6
28. bxc4 dxc4 29. Bxc4 Bxf3 30. Bd3 Re7 31. Ng3 Re3 32. Rxe3 Qxe3 33. Be4 Bxe4
34. Nxe4 Re8 35. Re1 Qxd4 36. Qc3 Qxc3 37. Nxc3 Rd8 38. Rd1 Rc8 39. Ne4 c5 40.
Rd5 c4 41. Ke2 c3 42. Rc5 Re8 43. Ke3 f5 44. Rxc3 Rxe4+ 45. Kf3 Ra4 46. Rc7+ Kf6
47. Rc6+ Ke5 48. Rc3 h5 49. g3 g5 50. Re3+ Kd4 51. Rb3 Ke5 52. Re3+ Kf6 53. Rb3
Rc4 54. Rd3 a5 55. Re3 Rc1 56. Kg2 Rc2+ 57. Kf3 Rc4 58. Rb3 Ra4 59. Ke3 Re4+ 60.
Kf3 b4 61. a4 h4 62. g4 Rf4+ 63. Kg2 fxg4 64. hxg4 Rxg4+ 65. Kh3 Rc4 66. Rf3+
Rf4 67. Rd3 g4+ 68. Kxh4 Rf3 69. Rd6+ Ke5 70. Rg6 g3 71. Rg5+ Ke4 72. Rxa5 g2
73. Rg5 Rf2 74. Rg4+ Kf3 75. a5 Rf1 76. Rg3+ Kf2 77. a6 g1=Q 78. Rxg1 Rxg1 79.
a7 Rg8 80. Kh5 Ra8 81. Kh6 b3 82. Kg6 b2 83. Kf5 b1=Q+ 84. Ke5 Qb3 85. Kd4 Rxa7
86. Ke5 Ra4 87. Kd6 Qb5 88. Kc7 Qh5 89. Kb6 Ra5 90. Kc6 Qh6+ 91. Kb7 Ra6 92. Kb8
Qg7 93. Kc8 Ra8# {White checkmated} 0-1

[Event "Team 45 45 League T38"]
[Site "Internet Chess Club"]
[Date "2008.08.17"]
[Round "4"]
[White "Ghashgork"]
[Black "knight2f3"]
[Result "1-0"]
[WhiteElo "1674"]
[BlackElo "1453"]
[Opening "Sicilian: Grand Prix attack"]
[ECO "B21"]
[Time "14:00:17"]
[TimeControl "2700+45"]

1. f4 c5 2. e4 d5 3. e5 Nc6 4. Nf3 Bg4 5. Bb5 e6 6. Bxc6+ bxc6 7. h3 Bh5 8. O-O
Ne7 9. b3 Qb6 10. Bb2 Bg6 11. Kh1 Nf5 12. Kh2 Be7 13. g4 Nh6 14. Nc3 c4 15. Na4
Qa6 16. Nd4 c5 17. f5 exf5 18. Nxf5 Bxf5 19. gxf5 O-O 20. f6 gxf6 21. Qh5 fxe5
22. Rg1+ Kh8 23. Qxe5+ Bf6 24. Qxf6+ Qxf6 25. Bxf6# {Black checkmated} 1-0

[Event "Team 45 45 League T38"]
[Site "Internet Chess Club"]
[Date "2008.08.15"]
[Round "4"]
[White "NXS"]
[Black "Mutaant"]
[Result "1-0"]
[WhiteElo "1428"]
[BlackElo "1415"]
[Opening "Queen's pawn game"]
[ECO "D02"]
[Time "20:03:45"]
[TimeControl "2700+45"]

1. d4 d5 2. Nf3 Bf5 3. Bf4 e6 4. e3 Bd6 5. Bxd6 Qxd6 6. Bd3 Bg4 7. c3 Nc6 8.
Nbd2 a6 9. Qb3 O-O-O 10. h3 Bh5 11. O-O Nf6 12. c4 Na5 13. Qa4 Nxc4 14. Bxc4
dxc4 15. Qxc4 Qd5 16. Qc3 Ne4 17. Qc2 Bg6 18. Rac1 c6 19. Nc4 Kc7 20. Nfe5 Nd6
21. Nxg6 hxg6 22. Ne5 Rh6 23. Rfd1 f5 24. a3 Rdh8 25. f3 R8h7 26. Qf2 g5 27. Rc5
Qb3 28. Rdc1 Nb5 29. Kh2 Na7 30. Qg3 Kb6 31. Nd7# {Black checkmated} 1-0

[Event "Team 45 45 League T38"]
[Site "Internet Chess Club"]
[Date "2008.08.15"]
[Round "4"]
[White "seldredg"]
[Black "gaboonzoom"]
[Result "0-1"]
[WhiteElo "1285"]
[BlackElo "1416"]
[Opening "Hungarian defense"]
[ECO "C50"]
[Time "16:00:07"]
[TimeControl "2700+45"]

1. e4 e5 2. Nf3 Nc6 3. Bc4 Be7 4. c3 Nf6 5. d3 O-O 6. Bg5 d6 7. Nbd2 Be6 8. Bxe6
fxe6 9. Qb3 Qc8 10. d4 exd4 11. Nxd4 Nxd4 12. cxd4 b6 13. f4 Kh8 14. Rc1 d5 15.
e5 Ng8 16. O-O h6 17. Bxe7 Nxe7 18. Rc3 Qd7 19. Rh3 Nf5 20. Nf3 c5 21. Ng5 Nxd4
22. Qd3 Nf5 23. g4 Kg8 24. gxf5 hxg5 25. f6 gxf6 26. Qg6+ Qg7 27. Qxg7+ Kxg7 28.
exf6+ Rxf6 29. fxg5 Rxf1+ 30. Kxf1 Rf8+ 31. Ke2 Rf5 32. Rg3 d4 33. h4 Kg6 34. b3
Rf4 35. Rh3 e5 36. h5+ Kxg5 37. h6 Rf8 38. h7 Rh8 39. Rg3+ Kh6 40. Rh3+ Kg6 41.
Kd3 Rxh7 42. Rxh7 Kxh7 43. Ke4 Kg6 44. a3 Kf6 45. a4 a5 {White resigns} 0-1

[Event "Team 45 45 League T38"]
[Site "Internet Chess Club"]
[Date "2008.08.20"]
[Round "4"]
[White "chips"]
[Black "moreffee"]
[Result "0-1"]
[WhiteElo "1151"]
[BlackElo "1300"]
[Opening "Budapest defense declined"]
[ECO "A51"]
[Time "16:01:04"]
[TimeControl "2700+45"]

1. d4 Nf6 2. c4 e5 3. d5 Bc5 4. e3 d6 5. Nc3 O-O 6. g3 Bg4 7. Be2 Qd7 8. Bxg4
Nxg4 9. Qa4 c6 10. e4 Nxf2 11. b4 Bd4 12. dxc6 bxc6 13. Bb2 Nxh1 14. b5 Bf2+
{White resigns} 0-1

[Event "Team 45 45 League T38"]
[Site "Internet Chess Club"]
[Date "2008.08.17"]
[Round "4"]
[White "cazj"]
[Black "Rubacchus"]
[Result "1-0"]
[WhiteElo "1431"]
[BlackElo "1318"]
[Opening "Giuoco Pianissimo: Italian four knights variation"]
[ECO "C55"]
[Time "20:02:58"]
[TimeControl "2700+45"]

1. e4 e5 2. Nf3 Nc6 3. Bc4 Nf6 4. Nc3 Bc5 5. d3 d6 6. O-O Na5 7. Bb5+ c6 8. Ba4
b5 9. Bb3 Nxb3 10. axb3 O-O 11. Bg5 h6 12. Bh4 Be6 13. Qd2 g5 14. Nxg5 hxg5 15.
Qxg5+ Kh8 16. Qh6+ Kg8 17. Bxf6 {Black resigns} 1-0

[Event "Team 45 45 League T38"]
[Site "Internet Chess Club"]
[Date "2008.08.15"]
[Round "4"]
[White "FluberButon"]
[Black "AtomicDog"]
[Result "0-1"]
[WhiteElo "1313"]
[BlackElo "1407"]
[Opening "Sicilian: Najdorf"]
[ECO "B90"]
[Time "15:00:12"]
[TimeControl "2700+45"]

1. e4 c5 2. Nf3 d6 3. d4 cxd4 4. Nxd4 Nf6 5. Nc3 a6 6. Bd3 e5 7. Nf3 Be7 8. O-O
b5 9. Nd5 Nxd5 10. exd5 f5 11. Nd2 O-O 12. Re1 Bb7 13. c4 e4 14. Be2 Qe8 15. b3
Bf6 16. Rb1 e3 17. Nf1 exf2+ 18. Kxf2 Be5 19. Bh5 g6 20. Bf3 Nd7 21. Bf4 Qf7 22.
Bh6 Rfe8 23. Ng3 Qf6 24. Qd2 Bd4+ 25. Kf1 Bc3 26. Qf4 Bxe1 27. Rxe1 Qc3 28. Rc1
Qf6 29. cxb5 axb5 30. Rc7 Qa1+ 31. Qc1 Qxc1+ 32. Bxc1 Nc5 33. Bh6 Nd3 34. Be2
Nc5 35. Bxb5 Re5 36. Bc6 Ba6+ 37. Kf2 Nd3+ 38. Kf3 Ne1+ 39. Kf2 Bb7 40. Bxb7
Rxa2+ 41. Kf1 Nxg2 42. Rc1 f4 43. Nh1 Ne3+ 44. Kg1 Rg2# {White checkmated} 0-1

[Event "Team 45 45 League T38"]
[Site "Internet Chess Club"]
[Date "2008.08.16"]
[Round "4"]
[White "Kingangyal"]
[Black "andrew0311"]
[Result "1-0"]
[WhiteElo "1238"]
[BlackElo "1279"]
[Opening "Queen's bishop game"]
[ECO "A45"]
[Time "14:00:14"]
[TimeControl "2700+45"]

1. d4 Nf6 2. Bf4 d5 3. Nf3 Nc6 4. e3 e6 5. Be2 Bd7 6. O-O Be7 7. h3 O-O 8. c3
Nh5 9. Bh2 Bd6 10. Ne5 Bxe5 11. Bxe5 Nf6 12. Bh2 Ne4 13. Nd2 Ng5 14. Bd3 h6 15.
Re1 Qf6 16. Bxc7 Rfe8 17. Bg3 e5 18. f4 exf4 19. exf4 Rxe1+ 20. Qxe1 Ne6 21. Qf2
Re8 22. Re1 Ne7 23. Bh2 g5 24. f5 Ng7 25. g4 h5 26. Be5 Qb6 27. f6 Ne6 28. fxe7
Rxe7 29. Qf5 Nxd4 30. Qh7+ Kf8 31. Qh8# {Black checkmated} 1-0

[Event "Team 45 45 League T38"]
[Site "Internet Chess Club"]
[Date "2008.08.13"]
[Round "4"]
[White "KingOfHearts"]
[Black "DaMelch"]
[Result "0-1"]
[WhiteElo "1240"]
[BlackElo "1272"]
[Opening "French: advance, Nimzovich system"]
[ECO "C02"]
[Time "22:00:26"]
[TimeControl "2700+45"]

1. e4 e6 2. d4 d5 3. e5 c5 4. Nf3 Nc6 5. Bb5 Bd7 6. Be3 Qb6 7. a4 cxd4 8. Nxd4
Nxe5 9. Nc6 Qc7 10. Nxe5 Qxe5 11. Bxd7+ Kxd7 12. Nc3 Bc5 13. Qf3 Nf6 14. O-O-O
Bxe3+ 15. fxe3 Rhc8 16. Rd4 Ke8 17. h3 Rc6 18. Rhd1 Rac8 19. Qf2 Ne4 20. Nxe4
Rxc2+ 21. Qxc2 Rxc2+ 22. Kxc2 dxe4 23. Rd8+ Ke7 24. R8d7+ Kf6 25. Rxb7 Qc5+ 26.
Kb1 Qxe3 27. Rf1+ Kg6 28. Rbxf7 Qd3+ 29. Ka1 e3 30. Re7 Qxf1+ 31. Ka2 Qc4+ 32.
Kb1 e2 {White resigns} 0-1

[Event "Team 45 45 League T38"]
[Site "Internet Chess Club"]
[Date "2008.08.18"]
[Round "4"]
[White "jeffk"]
[Black "The-Capitalist"]
[Result "0-1"]
[WhiteElo "1170"]
[BlackElo "1191"]
[Opening "Giuoco Piano: four knights variation"]
[ECO "C55"]
[Time "21:01:12"]
[TimeControl "2700+45"]

1. e4 e5 2. Nf3 Nc6 3. Bc4 Nf6 4. Nc3 Bc5 5. O-O O-O 6. d3 d6 7. Na4 Qd7 8. Nxc5
dxc5 9. Be3 Qd6 10. h3 Nd4 11. c3 Nxf3+ 12. Qxf3 b6 13. Rad1 Be6 14. b3 Bxc4 15.
bxc4 Rad8 16. d4 cxd4 17. cxd4 exd4 18. Rxd4 Qe6 19. Rfd1 Rxd4 20. Rxd4 c5 21.
Rd3 Nxe4 22. Qe2 Qxc4 23. f3 Ng3 24. Qd2 Qe6 25. Rd6 Qc8 26. Bf2 Nf5 27. Rd5 g6
28. g4 Ne7 29. Rd7 Nc6 30. Bg3 Qe8 31. Bf4 Qe6 32. Bh6 Re8 33. Qc3 Qe1+ 34. Kg2
Qxc3 {White resigns} 0-1

[Event "Team 45 45 League T38"]
[Site "Internet Chess Club"]
[Date "2008.08.16"]
[Round "4"]
[White "king4aknight"]
[Black "Esslinger"]
[Result "0-1"]
[WhiteElo "1066"]
[BlackElo "1104"]
[Opening "Vienna: Falkbeer variation"]
[ECO "C26"]
[Time "10:00:43"]
[TimeControl "2700+45"]

1. e4 e5 2. Nc3 Nf6 3. b3 Bc5 4. Bc4 O-O 5. Nf3 Nc6 6. h3 d6 7. Qe2 Be6 8. Bb5
Qd7 9. Ng5 a6 10. Bc4 Nd4 11. Qd3 d5 12. exd5 Bf5 13. Nce4 Nxe4 14. Nxe4 b5 15.
g4 Bxe4 16. Qxe4 bxc4 17. bxc4 Qa4 18. O-O Rab8 19. c3 Nc2 20. d4 exd4 21. cxd4
Qxc4 22. Bf4 Bxd4 23. Rac1 Bxf2+ 24. Rxf2 Qxe4 25. Rcxc2 Rb1+ 26. Rc1 Rxc1+ 27.
Bxc1 Qxd5 28. Rd2 Qc5+ {White resigns} 0-1